Description

Slightly more in-depth rogue nydus timing

Build Order

Why is there no SALT encoding or Overwolf build?

  17  0:53  Hatchery  
  18  1:08  Extractor  
  17  1:15  Spawning Pool  
  20  1:50  Overlord  
  20  2:05  Queen x2  2 Queen, 2 sets lings
  26  2:10  Metabolic Boost  STAY ON GAS
  32  2:44  Hatchery, Overlord  3rd base, TAKE OFF GAS
  42    Overlord  
  45    Overlord  3:20 2 SPORES
  45  3:45  Action  BACK ON GAS, START LAIR
  52  4:05  Extractor x2  Start QUEEN PRODUCTION, ROACH WARREN AT 4:30
  60  4:45  Nydus Network  STOP AT 40 DRONES
    5:35   Nydus Canal  ATTACK WITH 5 QUEENS AND 10 ROACHES
Spawning Tool Build Advisor. Get it on Overwolf

Go to:

Details

  • Created by: roarbot
  • Published on: Apr 04, 2018
  • Modified on: Apr 05, 2018
  • Patch: 4.0.0
Show

Export as new Build Order

Comments (0)

There are no comments. Be the first!

Create an account to comment!